 Dungeon Crawl Stone Soup version 0.19-a0-1670-gc28a5d9 (webtiles) character file.

9097 Ijustatesigmund the Destroyer (level 11, 0/63 HPs)
             Began as a Deep Elf Wizard on Sept 21, 2016.
             Slain by a black mamba (12 damage)
             ... on level 1 of the Lair of Beasts.
             The game lasted 00:41:38 (12114 turns).

Ijustatesigmund the Destroyer (Deep Elf Wizard)    Turns: 12114, Time: 00:41:38

Health: 0/63       AC: 14    Str:  7    XL:     11   Next: 18%
Magic:  5/10       EV: 16    Int: 28    God:
Gold:   306        SH:  0    Dex: 14    Spells: 8 memorised, 3 levels left

rFire  . . .     SeeInvis .     a - +10 short sword of Upheaval {antimagic, MP+9}
rCold  . . .     Gourm    .     O - +2 robe {Archmagi}
rNeg   . . .     Faith    .     (no shield)
rPois  +         Spirit   .     Q - +2 helmet "Lintel" {rPois MR+ Str+3 Int+2}
rElec  .         Dismiss  .     L - +2 cloak
rCorr  .         Reflect  .     p - +1 pair of gloves
MR     ++...     Harm     .     F - +1 pair of boots
Stlth  ++........               (no amulet)
                                b - ring of flight
                                W - ring of poison resistance

@: slowed, repel missiles, very slow
A: no striking features
a: Evoke Flight


You were on level 1 of the Lair of Beasts.
You were not hungry.

You visited 3 branches of the dungeon, and saw 12 of its levels.

You collected 725 gold pieces.
You spent 419 gold pieces at shops.

Inventory:

Hand Weapons
 a - the +10 short sword of Upheaval (weapon) {antimagic, MP+9}
   (You bought it in a shop on level 6 of the Dungeon)

   It reduces the magical energy of the wielder, and disrupts the spells and
   magical abilities of those hit.
   Natural abilities and divine invocations are not affected.
   It affects your magic capacity (+9).
 g - a +0 short sword
 r - a +0 blowgun
 E - a +1 dagger of freezing
 I - the +10 hunting sling of Armageddon {velocity, MR+ Int+8 Stlth-}
   (You took it off a kobold on level 7 of the Dungeon)

   Any stone fired from it inflicts extra damage.
   It affects your intelligence (+8).
   It affects your resistance to hostile enchantments.
   It makes you less stealthy.
 K - a +2 dagger of protection
Missiles
 w - 5 curare-tipped needles
 J - 124 sling bullets
Armour
 p - a +1 pair of gloves (worn)
 v - a cursed +0 leather armour
 F - a +1 pair of boots (worn)
 L - a +2 cloak (worn)
 O - a +2 robe of the Archmagi (worn)
 Q - the +2 helmet "Lintel" (worn) {rPois MR+ Str+3 Int+2}
   (You found it on level 9 of the Dungeon)

   It affects your strength (+3).
   It affects your intelligence (+2).
   It protects you from poison.
   It affects your resistance to hostile enchantments.
Jewellery
 b - a ring of flight (right hand)
 W - a ring of poison resistance (left hand)
Wands
 t - a wand of slowing (15/48)
 u - a wand of random effects (23/48)
 G - a wand of disintegration (12/24)
 U - a wand of digging (7/24)
Scrolls
 c - a scroll of amnesia
 i - a scroll of random uselessness {unknown}
 l - 2 scrolls of fog
 o - 4 scrolls of teleportation
 s - a scroll of enchant armour
 x - 6 scrolls of remove curse
 y - 3 scrolls of fear
 B - 4 scrolls of identify
 C - 2 scrolls of magic mapping
 H - a scroll of recharging
 T - a scroll of immolation
Potions
 e - a potion of might
 f - 2 potions of cure mutation
 h - a potion of heal wounds
 j - 3 potions of curing
 k - 4 potions of brilliance
 n - 2 potions of cancellation
 q - 3 potions of berserk rage
 z - 3 potions of ambrosia
 A - a potion of flight
 D - 2 potions of agility
 M - a potion of resistance
 N - 2 potions of haste
Comestibles
 d - 11 bread rations
 m - 5 meat rations
 S - 4 beef jerkies


   Skills:
 + Level 5.1 Fighting
 - Level 3.3 Short Blades
 - Level 6.2 Slings
 + Level 6.6 Dodging
 - Level 2.4 Stealth
 - Level 6.5 Spellcasting
 - Level 9.3 Conjurations
   Level 1.1 Summonings
 - Level 2.7 Translocations
 - Level 5.8 Fire Magic
 - Level 3.1 Air Magic
 + Level 5.5 Earth Magic
 - Level 3.4 Poison Magic


You had 3 spell levels left.
You knew the following spells:

 Your Spells              Type           Power        Failure   Level  Hunger
a - Magic Dart            Conj           ####         1%          1    None
b - Blink                 Tloc           N/A          3%          2    None
c - Repel Missiles        Chrm/Air       ####..       6%          2    None
d - Mephitic Cloud        Conj/Pois/Air  ######..     1%          3    None
e - Conjure Flame         Conj/Fire      ######..     1%          3    None
f - Stone Arrow           Conj/Erth      ######       1%          3    None
g - Sticky Flame          Conj/Fire      ######..     2%          4    ###....
h - Passwall              Tmut/Erth      #####.....   3%          2    None


Dungeon Overview and Level Annotations

Branches:
Dungeon (10/15)            Temple (1/1) D:7            Lair (1/6) D:9
    Orc: D:9-12

Altars:
Ashenzari
Cheibriados
Dithmenos
Elyvilon
Fedhas
Gozag
Hepliaklqana
Kikubaaqudgha
Makhleb
Nemelex Xobeh
Okawaru
Qazlal
Ru
Sif Muna
Trog
Uskayaw
Vehumet
Xom
Yredelemnul
Zin
The Shining One

Shops:
D:6 (?((

Annotations:
Lair:1 Gastronok


Message History

Gastronok is moderately wounded.
The black mamba barely misses you. The black mamba closely misses you.
The black mamba misses you.
Gastronok is engulfed in noxious fumes.
Gastronok falters for a moment.
You hit Gastronok.
Gastronok's magic leaks into the air.
Gastronok is moderately wounded.
The black mamba bites you!
* * * LOW HITPOINT WARNING * * *
The black mamba misses you. x2
Casting: Mephitic Cloud
Confirm with . or Enter, or press ? or * to list all spells.
You feel a surge of power!
You blink.
Okay, then.
As you read the scroll of fear, it crumbles to dust.
You assume a fearsome visage.
Gastronok looks frightened!
The black mamba looks frightened!
Cornered, the black mamba turns to fight!
Gastronok seems to regain his courage.
The black mamba bites you!
You die...

.. ..............##. ..
................ (.. ########
#....#..##..... ((. ###.##...#
#..#..##...... .... #.#......##
##....#...... ....#
##........#####..###.......
....(##...........##...##........
......P........†.###...##........
...............S@##....####......
................#......# ##.....
#...##.........###..#### ####..
#### ##...w..### #.#.# ###
##..##..# ##### ########


You could see Gastronok and a black mamba.

Vanquished Creatures
  A hydra (Lair:1)
  A hill giant (D:9)
  2 black mambas (Lair:1)
  Psyche (D:10)
  Joseph (D:7)
  A spiny frog (Lair:1)
  2 komodo dragons (Lair:1)
  A two-headed ogre (D:9)
  The ghost of sergedm the Covert, an amateur OpAs of Makhleb (D:4)
  5 yaks (Lair:1)
  A hungry ghost (D:9)
  Edmund (D:4)
  Duvessa (D:7)
  2 water moccasins (Lair:1)
  3 porcupines (Lair:1)
  An ice beast (D:10)
  2 black bears
  A necrophage (D:7)
  7 ogres
  A sky beast (D:8)
  2 phantoms
  3 centaurs
  2 crocodiles (Lair:1)
  2 big kobolds
  2 gnoll sergeants
  8 bullfrogs
  Dowan (D:7)
  A water moccasin zombie (D:7)
  6 wights
  4 howler monkeys (D:7)
  A bullfrog zombie (D:8)
  5 crimson imps
  3 jellies
  4 orc priests (D:7)
  Crazy Yiuf (D:7)
  3 hounds
  4 orc wizards (D:7)
  An iguana (D:6)
  3 worker ants
  A hound zombie (D:7)
  A hound skeleton (D:9)
  A worker ant zombie (D:8)
  A howler monkey zombie (D:5)
  14 gnolls
  10 adders
  3 shadow imps
  An ooze (D:4)
  2 adder skeletons
  A worm (D:5)
  5 dart slugs
  4 leopard geckos
  17 orcs
  7 giant cockroaches
  6 goblins
  12 hobgoblins
  5 jackals
  16 kobolds
  2 quokkas (D:5)
  3 ball pythons
  4 bats
  5 frilled lizards
  A leopard gecko zombie (D:7)
  7 rats
221 creatures vanquished.

Notes
Turn   | Place    | Note
-------+----------+-------------------------------------------
     0 | D:1      | Ijustatesigmund the Deep Elf Wizard began the quest for the Orb.
     0 | D:1      | Reached XP level 1. HP: 10/10 MP: 7/7
   209 | D:1      | Reached skill level 2 in Conjurations
   278 | D:1      | Reached XP level 2. HP: 15/15 MP: 3/9
   282 | D:1      | Learned a level 2 spell: Blink
   285 | D:1      | Learned a level 2 spell: Repel Missiles
   637 | D:1      | Reached skill level 3 in Conjurations
   902 | D:2      | Reached XP level 3. HP: 19/19 MP: 7/10
   907 | D:2      | Learned a level 3 spell: Mephitic Cloud
  1259 | D:2      | Reached XP level 4. HP: 24/24 MP: 9/12
  1599 | D:2      | Reached skill level 4 in Conjurations
  1891 | D:3      | Found a hazy altar of Hepliaklqana.
  2326 | D:4      | Noticed a phantom
  2356 | D:4      | Noticed Edmund
  2357 | D:4      | Noticed sergedm's ghost (amateur OpAs)
  2689 | D:4      | Found a shadowy altar of Dithmenos.
  2694 | D:5      | Entered Level 5 of the Dungeon
  2696 | D:5      | Noticed a centaur
  2847 | D:4      | Learned a level 3 spell: Conjure Flame
  3283 | D:4      | Killed Edmund
  3283 | D:4      | Reached skill level 1 in Air Magic
  3283 | D:4      | Reached XP level 5. HP: 16/28 MP: 2/13
  3433 | D:4      | Killed a phantom
  3433 | D:4      | Reached skill level 5 in Conjurations
  3433 | D:4      | Reached XP level 6. HP: 25/32 MP: 5/14
  3482 | D:4      | Killed sergedm's ghost
  3652 | D:4      | Reached XP level 7. HP: 36/36 MP: 11/15
  4210 | D:5      | Reached skill level 1 in Short Blades
  4288 | D:5      | Reached skill level 1 in Fighting
  4480 | D:5      | Reached skill level 6 in Conjurations
  4735 | D:5      | Learned a level 3 spell: Stone Arrow
  4991 | D:6      | Found a shimmering altar of Xom.
  4991 | D:6      | Found Xehed's Magic Scroll Shop.
  5021 | D:5      | Reached skill level 5 in Spellcasting
  5215 | D:6      | Bought a scroll of fog for 26 gold pieces
  5215 | D:6      | Bought a scroll of remove curse for 39 gold pieces
  5215 | D:6      | Bought a scroll of identify for 26 gold pieces
  5215 | D:6      | Bought a scroll of identify for 26 gold pieces
  5215 | D:6      | Bought a scroll of identify for 26 gold pieces
  5215 | D:6      | Bought a scroll of identify for 26 gold pieces
  5215 | D:6      | Bought a scroll of identify for 26 gold pieces
  5244 | D:6      | Found Onteur's Weapon Boutique.
  5269 | D:6      | Found Ecweor's Antique Weapon Shoppe.
  5321 | D:6      | Reached XP level 8. HP: 39/44 MP: 13/18
  5669 | D:6      | Found Jikag's Antique Weapon Boutique.
  5957 | D:7      | Found a stormy altar of Qazlal.
  6118 | D:7      | Got a blackened hunting sling
  6119 | D:7      | Identified the +10 hunting sling of Armageddon {velocity, MR+ Int+8 Stlth-} (You took it off a kobold on level 7 of the Dungeon)
  6171 | D:7      | Noticed Joseph
  6335 | D:7      | Reached skill level 1 in Slings
  7172 | D:8      | Reached XP level 9. HP: 47/49 MP: 20/20
  7759 | D:7      | Reached skill level 5 in Slings
  7766 | D:7      | Found a bloodstained altar of Trog.
  7797 | D:7      | Killed Joseph
  7909 | D:7      | Found a staircase to the Ecumenical Temple.
  7971 | D:6      | Bought a shimmering short sword for 224 gold pieces
  7971 | D:6      | Identified the +10 short sword of Upheaval {antimagic, MP+9} (You bought it in a shop on level 6 of the Dungeon)
  8056 | D:7      | Reached skill level 7 in Conjurations
  8098 | D:7      | Found a white marble altar of Elyvilon.
  8103 | D:7      | Found a burning altar of Makhleb.
  8103 | D:7      | Identified Xydujineu's Handbook of Damaging Translocation
  8110 | D:7      | Learned a level 4 spell: Sticky Flame
  8111 | D:7      | Found a basalt altar of Yredelemnul.
  8111 | D:7      | Found an opulent altar of Gozag.
  8130 | Temple   | Entered the Ecumenical Temple
  8280 | D:7      | Found an iron altar of Okawaru.
  8281 | D:7      | Found a hide-covered altar of Uskayaw.
  8442 | D:7      | Reached skill level 1 in Fire Magic
  8492 | D:7      | Noticed Duvessa
  8492 | D:7      | Noticed Dowan
  8504 | D:7      | Killed Duvessa
  8505 | D:7      | Killed Dowan
  8664 | D:7      | Found a runed door.
  8671 | D:7      | Noticed Crazy Yiuf
  8675 | D:7      | Killed Crazy Yiuf
  8675 | D:7      | Reached skill level 8 in Conjurations
  8881 | D:9      | Got a warped helmet
  8892 | D:9      | Identified the +2 helmet "Lintel" {rPois MR+ Str+3 Int+2} (You found it on level 9 of the Dungeon)
  8992 | D:9      | Noticed a hill giant
  9003 | D:9      | Killed a hill giant
  9003 | D:9      | Reached XP level 10. HP: 49/54 MP: 18/21
  9029 | D:9      | Found a staircase to the Lair.
  9072 | D:9      | Reached skill level 9 in Conjurations
  9072 | D:9      | Reached skill level 5 in Fire Magic
  9937 | D:10     | Entered Level 10 of the Dungeon
  9962 | D:10     | Noticed Psyche
  9971 | D:10     | Killed Psyche
  9971 | D:10     | Reached skill level 1 in Earth Magic
 10877 | Lair:1   | Entered Level 1 of the Lair of Beasts
 10941 | Lair:1   | Learned a level 2 spell: Passwall
 11179 | Lair:1   | Noticed a black mamba
 11191 | Lair:1   | Killed a black mamba
 11306 | Lair:1   | Noticed a four-headed hydra
 11312 | Lair:1   | Killed a four-headed hydra
 11312 | Lair:1   | Reached skill level 5 in Dodging
 11454 | Lair:1   | Noticed a black mamba
 11457 | Lair:1   | Killed a black mamba
 11531 | Lair:1   | Noticed a spiny frog
 11535 | Lair:1   | Killed a spiny frog
 11535 | Lair:1   | Reached XP level 11. HP: 62/62 MP: 13/22
 11559 | Lair:1   | Reached skill level 5 in Earth Magic
 11883 | Lair:1   | Reached skill level 5 in Fighting
 12067 | Lair:1   | Noticed Gastronok
 12114 | Lair:1   | Slain by a black mamba

Vault maps used:
D:1:      minmay_arrival_up_and_down, serial_aquarium, aquarium_bridge_straight,
          aquarium_bridge_square, aquarium_window_2, aquarium_window_1,
          aquarium_window_fake, aquarium_view_2d, aquarium_view_2b,
          aquarium_balcony_3b, minmay_box_of_dots
D:2:      minmay_ruptured
D:3:      marbit_many_paths
D:4:      nicolae_dithmenos_through_a_glass_darkly, first_bread,
          amethyst_killhole, uniq_edmund
D:6:      serial_shops, shop, nicolae_shop_competitors_out_of_business,
          kennysheep_mini_moat, shop, basic_altar
D:7:      grunt_temple_overflow_open, gammafunk_temple_overflow_statue,
          basic_altar, grunt_ministairs_6, grunt_ogre_cave,
          nicolae_qazlal_general_emergency, uniq_crazy_yiuf_cottage,
          uniq_duvessa, uniq_joseph
D:9:      lair_0_dummy
D:10:     david_orc_4, special_room, bh_walls_and_bars, uniq_psyche
Temple:   dshaligram_water_room_temple
Lair:1:   uniq_gastronok

Skill      XL: |  1  2  3  4  5  6  7  8  9 10 11 |
---------------+----------------------------------+-----
Conjurations   | 2 3 4 5 6 8 9 |  9.3
Translocations | 2 |  2.7
Air Magic      | 1 2 3 |  3.1
Poison Magic   | 2 3 |  3.4
Short Blades   | 3 |  3.3
Fighting       | 2 4 5 |  5.1
Spellcasting   | 5 6 |  6.5
Slings         | 4 6 |  6.2
Fire Magic     | 4 5 |  5.8
Dodging        | 5 6 |  6.6
Earth Magic    | 4 5 |  5.5
Stealth        | |  2.4
Summonings     | |  1.1

Action                   |  1- 3 |  4- 6 |  7- 9 | 10-12 || total
-------------------------+-------+-------+-------+-------++-------
Melee: Short sword       |     1 |    26 |    33 |    21 ||    81
       Dagger            |       |       |     7 |       ||     7
       Hunting sling     |       |       |       |     3 ||     3
 Fire: Blowgun           |       |     6 |       |       ||     6
       Hunting sling     |       |       |   142 |   166 ||   308
 Cast: Magic Dart        |    73 |   100 |   178 |     8 ||   359
       Repel Missiles    |     2 |     2 |       |       ||     4
       Mephitic Cloud    |       |     2 |    17 |     5 ||    24
       Blink             |       |     1 |     3 |    11 ||    15
       Stone Arrow       |       |       |     7 |    18 ||    25
       Conjure Flame     |       |       |       |     3 ||     3
Evoke: Wand              |       |       |     1 |       ||     1
  Use: Scroll            |     4 |     6 |    12 |     8 ||    30
       Potion            |       |     2 |     1 |       ||     3
 Stab: Sleeping          |     1 |     1 |     1 |       ||     3
       Confused          |       |     1 |       |       ||     1
  Eat: Chunk             |     1 |     4 |     5 |     1 ||    11
       Fruit             |       |     3 |       |     3 ||     6
       Pizza             |       |       |     2 |       ||     2
       Beef jerky        |       |       |     2 |     4 ||     6
       Bread ration      |       |       |     1 |       ||     1
       Royal jelly       |       |       |     1 |       ||     1
Armor: Robe              |       |     8 |    21 |    22 ||    51
Dodge: Dodged            |     9 |    26 |    79 |    72 ||   186
       Deflected         |     1 |     2 |     5 |     5 ||    13
